[ AOE2 MATCH · #473915796 ]
UnrankedMongols vs Turks
[ REPLAY ANALYSIS · EXTRACTED FROM THE RECORDED GAME ]
Feudal
13:58
Castle
18:07
Imperial
—
| APM avg | 22.1 |
| APM peak | 54 |
| eAPM avg | 14.1 |
| Villagers / military | 57 / 28 |
Focus
⚔️ 23.0% · 🌾 77.0%
Knight ×24 · Fishing Ship ×18 · Mangonel ×3 · Demolition Raft ×1
Feudal
10:45
Castle
16:19
Imperial
—
| APM avg | 45.9 |
| APM peak | 104 |
| eAPM avg | 20.1 |
| Villagers / military | 88 / 51 |
Focus
⚔️ 20.9% · 🌾 79.1%
Archer ×51
Feudal
13:02
Castle
16:42
Imperial
21:28
| APM avg | 24.4 |
| APM peak | 59 |
| eAPM avg | 14.5 |
| Villagers / military | 54 / 68 |
Focus
⚔️ 38.3% · 🌾 61.7%
Hand Cannoneer ×62 · Bombard Cannon ×5 · Monk ×1
Feudal
14:59
Castle
21:30
Imperial
35:16
| APM avg | 29.8 |
| APM peak | 75 |
| eAPM avg | 17.8 |
| Villagers / military | 95 / 29 |
Focus
⚔️ 24.2% · 🌾 75.8%
Fishing Ship ×30 · Rattan Archer ×27 · Trebuchet (Packed) ×2
Feudal
12:27
Castle
17:05
Imperial
33:02
| APM avg | 25.8 |
| APM peak | 58 |
| eAPM avg | 13.1 |
| Villagers / military | 137 / 29 |
Focus
⚔️ 12.2% · 🌾 87.8%
Knight ×26 · Mangonel ×3
Feudal
13:49
Castle
22:58
Imperial
—
| APM avg | 28.5 |
| APM peak | 71 |
| eAPM avg | 14.4 |
| Villagers / military | 112 / 7 |
Focus
⚔️ 7.9% · 🌾 92.1%
Spearman ×6 · Mangonel ×1
Feudal
13:57
Castle
18:03
Imperial
31:29
| APM avg | 40.5 |
| APM peak | 91 |
| eAPM avg | 23.9 |
| Villagers / military | 124 / 60 |
Focus
⚔️ 26.2% · 🌾 73.8%
Cavalry Archer ×45 · Fishing Ship ×36 · Magyar Huszar ×9 · Petard ×5 · Monk ×1
Feudal
12:03
Castle
17:38
Imperial
23:59
| APM avg | 47.6 |
| APM peak | 109 |
| eAPM avg | 23.3 |
| Villagers / military | 94 / 14 |
Focus
⚔️ 16.8% · 🌾 83.2%
Cataphract ×6 · Skirmisher ×5 · Mangonel ×1 · Bombard Cannon ×1 · Trebuchet (Packed) ×1
Match map
Initial resources + every placement click. Lines = walls · curves = elevation contours. ◆ gold · ⬟ stone · ● berries · ✦ relic · ◌ wall gap
Your base· ✓ Closed at 18:07 · 28t walls · 1 gate(s)
Goku_San's base· ✓ Closed at 16:19 · 48t walls · no gate
ALAW's base· ✓ Closed at 16:42 · 6t walls · no gate
LSG's base· ✓ Closed at 21:30 · 28t walls · no gate
RaBBiT F*cKeR's base· ✓ Closed at 17:05 · 0t walls · no gate
WheyProtein1's base· ✓ Closed at 22:58 · 50t walls · no gate
Blackmore_Night's base· ✓ Closed at 18:03 · 51t walls · no gate
Vi(RUS)'s base· ✓ Closed at 17:38 · 37t walls · no gate
Smoothed initial terrain · ◌ = detected wall gap · hover for details
Inputs per minute
— SaynhurChouk - - Goku_San
Build order — SaynhurChouk
First 150 of 190 actions detected
| 0:01 | Create | Villager (Male) |
| 0:01 | Create | Villager (Male) |
| 0:03 | Build | House |
| 0:04 | Build | House |
| 0:32 | Create | Villager (Male) |
| 0:40 | Research | Loom |
| 1:04 | Create | Villager (Male) |
| 1:15 | Build | Palisade Wall |
| 1:31 | Create | Villager (Male) |
| 1:57 | Create | Villager (Male) |
| 2:31 | Build | Palisade Gate |
| 2:36 | Create | Villager (Male) |
| 2:49 | Build | Palisade Gate |
| 2:52 | Build | House |
| 2:54 | Build | House |
| 3:00 | Create | Villager (Male) |
| 3:26 | Build | Palisade Wall |
| 3:36 | Create | Villager (Male) |
| 4:04 | Create | Villager (Male) |
| 4:13 | Build | House |
| 4:29 | Create | Villager (Male) |
| 4:49 | Create | Villager (Male) |
| 5:13 | Create | Villager (Male) |
| 5:44 | Create | Villager (Male) |
| 6:09 | Create | Villager (Male) |
| 6:38 | Build | House |
| 6:48 | Create | Villager (Male) |
| 6:48 | Create | Villager (Male) |
| 7:00 | Build | Lumber Camp |
| 7:03 | Create | Villager (Male) |
| 7:20 | Create | Villager (Male) |
| 7:41 | Build | Dock |
| 7:54 | Create | Villager (Male) |
| 8:04 | Create | Villager (Male) |
| 8:33 | Build | House |
| 8:48 | Create | Fishing Ship |
| 8:51 | Create | Villager (Male) |
| 9:12 | Build | Mill |
| 9:14 | Create | Villager (Male) |
| 9:37 | Create | Villager (Male) |
| 9:44 | Create | Fishing Ship |
| 9:49 | Create | Villager (Male) |
| 10:16 | Build | Mill |
| 10:17 | Create | Villager (Male) |
| 10:24 | Build | House |
| 10:37 | Create | Fishing Ship |
| 10:40 | Create | Villager (Male) |
| 10:41 | Create | Villager (Male) |
| 11:00 | Build | Mining Camp |
| 11:10 | Create | Fishing Ship |
| 11:36 | Research | Feudal Age |
| 12:02 | Build | House |
| 12:04 | Create | Fishing Ship |
| 12:24 | Create | Villager (Male) |
| 12:24 | Create | Villager (Male) |
| 12:30 | Create | Fishing Ship |
| 13:08 | Create | Fishing Ship |
| 13:58 | Age | Feudal Age |
| 14:00 | Build | Market |
| 14:07 | Build | Blacksmith |
| 14:12 | Build | Farm |
| 14:12 | Build | Farm |
| 14:15 | Build | House |
| 14:18 | Research | Double-Bit Axe |
| 14:20 | Create | Demolition Raft |
| 14:35 | Build | Stone Wall |
| 14:38 | Build | Stone Wall |
| 14:48 | Create | Villager (Male) |
| 15:08 | Build | House |
| 15:11 | Create | Fishing Ship |
| 15:11 | Create | Fishing Ship |
| 15:27 | Research | Castle Age |
| 15:43 | Build | House |
| 15:47 | Research | Wheelbarrow |
| 16:06 | Build | Fish Trap |
| 16:14 | Build | Fish Trap |
| 16:16 | Build | House |
| 16:21 | Build | Lumber Camp |
| 16:44 | Build | Fish Trap |
| 17:10 | Build | Outpost |
| 17:21 | Build | Fish Trap |
| 17:23 | Create | Fishing Ship |
| 17:24 | Create | Fishing Ship |
| 17:27 | Research | Tech 906 |
| 17:47 | Build | House |
| 17:48 | Build | House |
| 17:53 | Build | Fish Trap |
| 17:57 | Build | Fish Trap |
| 18:07 | Age | Castle Age |
| 18:13 | Build | Siege Workshop |
| 18:19 | Create | Villager (Male) |
| 18:37 | Research | Gold Mining |
| 18:38 | Research | Bow Saw |
| 18:42 | Build | Gate |
| 18:54 | Build | Fish Trap |
| 18:58 | Build | Fish Trap |
| 19:02 | Build | Fish Trap |
| 19:18 | Create | Mangonel |
| 19:21 | Create | Villager (Male) |
| 19:32 | Build | Mining Camp |
| 19:37 | Build | House |
| 19:46 | Create | Villager (Male) |
| 19:53 | Build | Stone Wall |
| 19:54 | Build | Stone Wall |
| 19:55 | Build | Stone Wall |
| 20:06 | Build | Dock |
| 20:10 | Research | Gillnets |
| 20:34 | Research | Stone Mining |
| 20:35 | Create | Villager (Male) |
| 20:44 | Create | Fishing Ship |
| 20:48 | Create | Fishing Ship |
| 20:52 | Create | Villager (Male) |
| 21:00 | Create | Fishing Ship |
| 21:00 | Create | Fishing Ship |
| 21:15 | Create | Mangonel |
| 21:17 | Create | Villager (Male) |
| 21:27 | Build | Fish Trap |
| 21:31 | Build | Fish Trap |
| 21:32 | Create | Villager (Male) |
| 21:47 | Build | Outpost |
| 21:50 | Create | Villager (Male) |
| 21:56 | Build | Fish Trap |
| 22:04 | Research | Town Watch |
| 22:14 | Build | Fish Trap |
| 22:33 | Build | Stone Wall |
| 22:36 | Create | Villager (Male) |
| 22:36 | Create | Villager (Male) |
| 22:37 | Create | Villager (Male) |
| 22:41 | Create | Fishing Ship |
| 22:41 | Create | Fishing Ship |
| 22:44 | Build | Fish Trap |
| 22:46 | Create | Fishing Ship |
| 23:01 | Build | Barracks |
| 23:02 | Create | Villager (Male) |
| 23:02 | Create | Villager (Male) |
| 23:19 | Create | Mangonel |
| 23:26 | Create | Villager (Male) |
| 23:26 | Create | Villager (Male) |
| 23:45 | Build | Stable |
| 23:48 | Research | Scale Barding Armor |
| 23:52 | Research | Gold Shaft Mining |
| 24:40 | Build | Gate |
| 24:43 | Build | Stone Wall |
| 24:53 | Create | Knight ×5 |
| 25:10 | Build | Market |
| 25:12 | Build | Mining Camp |
| 25:19 | Create | Villager (Male) |
| 25:27 | Build | Fish Trap |
| 25:27 | Build | Fish Trap |
| 25:28 | Build | Fish Trap |
Build order — Goku_San
First 150 of 234 actions detected
| 0:00 | Create | Villager (Male) |
| 0:01 | Build | House |
| 0:02 | Build | House |
| 0:06 | Create | Villager (Male) |
| 0:06 | Create | Villager (Male) |
| 0:07 | Create | Villager (Male) |
| 1:07 | Create | Villager (Male) |
| 1:08 | Create | Villager (Male) |
| 1:44 | Build | House |
| 2:02 | Create | Villager (Male) |
| 2:02 | Create | Villager (Male) |
| 2:31 | Create | Villager (Male) |
| 2:49 | Create | Villager (Male) |
| 3:08 | Build | Lumber Camp |
| 3:21 | Create | Villager (Male) |
| 3:21 | Create | Villager (Male) |
| 3:22 | Create | Villager (Male) |
| 3:36 | Create | Villager (Male) |
| 3:50 | Create | Villager (Male) |
| 4:30 | Build | House |
| 4:33 | Create | Villager (Male) |
| 4:33 | Create | Villager (Male) |
| 4:45 | Research | Loom |
| 5:06 | Build | House |
| 5:40 | Create | Villager (Male) |
| 5:41 | Create | Villager (Male) |
| 5:52 | Create | Villager (Male) |
| 6:09 | Build | Mill |
| 6:21 | Create | Villager (Male) |
| 6:54 | Create | Villager (Male) |
| 7:10 | Build | Palisade Wall |
| 7:16 | Create | Villager (Male) |
| 7:53 | Create | Villager (Male) |
| 8:07 | Build | Palisade Wall |
| 8:16 | Build | Palisade Wall |
| 8:25 | Research | Feudal Age |
| 8:47 | Build | Mining Camp |
| 9:24 | Build | House |
| 9:55 | Build | Palisade Wall |
| 10:45 | Age | Feudal Age |
| 10:52 | Create | Villager (Male) |
| 10:55 | Build | Stone Wall |
| 11:31 | Create | Villager (Male) |
| 11:39 | Research | Double-Bit Axe |
| 12:09 | Build | Stone Wall |
| 12:40 | Build | Market |
| 12:41 | Build | Blacksmith |
| 12:53 | Build | Lumber Camp |
| 13:39 | Research | Castle Age |
| 13:39 | Research | Castle Age |
| 14:43 | Research | Horse Collar |
| 14:47 | Build | House |
| 14:48 | Build | House |
| 14:50 | Build | House |
| 14:53 | Build | House |
| 14:54 | Build | House |
| 15:16 | Create | Villager (Male) |
| 15:18 | Create | Villager (Male) |
| 15:18 | Create | Villager (Male) |
| 15:42 | Research | Gold Mining |
| 15:43 | Research | Stone Mining |
| 15:45 | Create | Villager (Male) |
| 16:19 | Age | Castle Age |
| 16:21 | Create | Villager (Male) |
| 16:24 | Build | Town Center |
| 16:52 | Build | Town Center |
| 16:55 | Create | Villager (Male) |
| 17:24 | Create | Villager (Male) |
| 17:40 | Create | Villager (Male) |
| 17:41 | Create | Villager (Male) |
| 17:45 | Create | Villager (Male) |
| 17:58 | Create | Villager (Male) |
| 18:02 | Create | Villager (Male) |
| 18:05 | Create | Villager (Male) |
| 18:17 | Create | Villager (Male) |
| 18:20 | Create | Villager (Male) |
| 18:22 | Create | Villager (Male) |
| 18:26 | Build | Farm |
| 18:34 | Create | Villager (Male) |
| 18:37 | Build | Farm |
| 18:40 | Build | Farm |
| 18:46 | Create | Villager (Male) |
| 18:48 | Build | Farm |
| 18:51 | Create | Villager (Male) |
| 19:02 | Create | Villager (Male) |
| 19:05 | Create | Villager (Male) |
| 19:09 | Build | Farm |
| 19:11 | Build | Farm |
| 19:12 | Create | Villager (Male) |
| 19:14 | Build | Farm |
| 19:17 | Build | House |
| 19:18 | Build | House |
| 19:22 | Build | Farm |
| 19:24 | Build | Farm |
| 19:28 | Create | Villager (Male) |
| 19:32 | Create | Villager (Male) |
| 19:33 | Build | Farm |
| 19:35 | Create | Villager (Male) |
| 19:41 | Build | Farm |
| 19:42 | Create | Villager (Male) |
| 19:50 | Create | Villager (Male) |
| 20:00 | Build | Town Center |
| 20:07 | Create | Villager (Male) |
| 20:14 | Build | Farm |
| 20:20 | Create | Villager (Male) |
| 20:30 | Build | House |
| 20:31 | Build | House |
| 20:33 | Create | Villager (Male) |
| 20:45 | Research | Stone Mining |
| 20:49 | Create | Villager (Male) |
| 20:53 | Build | Farm |
| 20:58 | Build | Mining Camp |
| 21:10 | Research | Bow Saw |
| 21:11 | Research | Bow Saw |
| 21:22 | Create | Villager (Male) |
| 21:23 | Create | Villager (Male) |
| 21:26 | Build | Farm |
| 21:31 | Create | Villager (Male) |
| 21:36 | Build | Farm |
| 21:45 | Build | Farm |
| 21:55 | Create | Villager (Male) |
| 21:59 | Create | Villager (Male) |
| 22:04 | Create | Villager (Male) |
| 22:04 | Create | Villager (Male) |
| 22:05 | Create | Villager (Male) |
| 22:13 | Build | Town Center |
| 22:15 | Create | Villager (Male) |
| 22:24 | Build | Lumber Camp |
| 22:25 | Create | Villager (Male) |
| 22:29 | Create | Villager (Male) |
| 22:34 | Build | Farm |
| 22:36 | Build | Farm |
| 22:38 | Create | Villager (Male) |
| 22:42 | Build | Farm |
| 22:45 | Create | Villager (Male) |
| 22:45 | Create | Villager (Male) |
| 22:58 | Research | Wheelbarrow |
| 23:06 | Build | Barracks |
| 23:10 | Build | Farm |
| 23:11 | Create | Villager (Male) |
| 23:13 | Build | Farm |
| 23:15 | Build | Farm |
| 23:19 | Create | Villager (Male) |
| 23:20 | Create | Villager (Male) |
| 23:25 | Create | Villager (Male) |
| 23:33 | Research | Fletching |
| 23:33 | Research | Fletching |
| 23:44 | Build | Archery Range |
| 23:49 | Create | Villager (Male) |
| 23:51 | Build | Archery Range |
Build order — ALAW
First 150 of 156 actions detected
| 0:00 | Create | Villager (Male) |
| 0:01 | Create | Villager (Male) |
| 0:01 | Create | Villager (Male) |
| 0:03 | Build | House |
| 0:05 | Build | House |
| 0:31 | Create | Villager (Male) |
| 1:27 | Research | Loom |
| 1:28 | Create | Villager (Male) |
| 2:19 | Create | Villager (Male) |
| 2:34 | Create | Villager (Male) |
| 2:58 | Create | Villager (Male) |
| 2:59 | Create | Villager (Male) |
| 3:34 | Build | Lumber Camp |
| 4:16 | Create | Villager (Male) |
| 4:34 | Build | House |
| 4:41 | Create | Villager (Male) |
| 5:15 | Create | Villager (Male) |
| 5:16 | Create | Villager (Male) |
| 5:37 | Create | Villager (Male) |
| 6:15 | Build | House |
| 6:20 | Build | Mill |
| 6:41 | Create | Villager (Male) |
| 6:42 | Create | Villager (Male) |
| 6:42 | Create | Villager (Male) |
| 6:43 | Create | Villager (Male) |
| 7:15 | Create | Villager (Male) |
| 7:15 | Create | Villager (Male) |
| 7:48 | Create | Villager (Male) |
| 7:48 | Create | Villager (Male) |
| 7:49 | Create | Villager (Male) |
| 7:49 | Create | Villager (Male) |
| 8:01 | Build | Lumber Camp |
| 8:15 | Create | Villager (Male) |
| 9:10 | Build | House |
| 9:19 | Build | Mining Camp |
| 9:21 | Create | Villager (Male) |
| 9:22 | Create | Villager (Male) |
| 10:22 | Research | Feudal Age |
| 11:29 | Build | House |
| 11:41 | Create | Villager (Male) |
| 11:41 | Create | Villager (Male) |
| 13:02 | Age | Feudal Age |
| 13:03 | Build | Market |
| 13:08 | Build | Blacksmith |
| 13:10 | Build | Stone Wall |
| 13:27 | Research | Double-Bit Axe |
| 13:30 | Research | Horse Collar |
| 14:02 | Research | Castle Age |
| 14:40 | Build | Farm |
| 14:40 | Build | Farm |
| 14:40 | Build | Farm |
| 14:41 | Build | Farm |
| 14:45 | Build | Farm |
| 14:49 | Research | Gold Mining |
| 15:03 | Build | Farm |
| 15:28 | Create | Villager (Male) |
| 15:28 | Create | Villager (Male) |
| 16:02 | Build | Farm |
| 16:42 | Age | Castle Age |
| 16:46 | Build | Monastery |
| 16:49 | Build | Siege Workshop |
| 17:42 | Build | Barracks |
| 18:18 | Research | Imperial Age |
| 18:27 | Build | Archery Range |
| 18:53 | Create | Monk |
| 18:57 | Research | Padded Archer Armor |
| 19:20 | Build | Archery Range |
| 19:46 | Build | Mining Camp |
| 20:05 | Build | House |
| 20:45 | Build | Lumber Camp |
| 20:52 | Research | Leather Archer Armor |
| 20:53 | Create | Villager (Male) |
| 20:53 | Create | Villager (Male) |
| 21:05 | Build | Farm |
| 21:08 | Build | Farm |
| 21:28 | Age | Imperial Age |
| 21:33 | Create | Bombard Cannon |
| 21:35 | Create | Hand Cannoneer |
| 21:35 | Create | Hand Cannoneer |
| 21:35 | Create | Hand Cannoneer |
| 21:54 | Build | Farm |
| 21:59 | Create | Villager (Male) |
| 21:59 | Create | Villager (Male) |
| 22:18 | Create | Hand Cannoneer |
| 22:18 | Create | Hand Cannoneer |
| 22:22 | Build | House |
| 22:25 | Build | House |
| 22:25 | Build | House |
| 22:26 | Build | House |
| 22:26 | Build | House |
| 22:27 | Build | House |
| 22:42 | Research | Ring Archer Armor |
| 23:15 | Create | Hand Cannoneer |
| 23:16 | Create | Hand Cannoneer |
| 23:51 | Create | Bombard Cannon |
| 23:52 | Create | Villager (Male) |
| 23:53 | Create | Villager (Male) |
| 23:57 | Create | Hand Cannoneer |
| 24:30 | Create | Hand Cannoneer |
| 24:31 | Create | Hand Cannoneer |
| 24:54 | Create | Bombard Cannon |
| 25:01 | Create | Villager (Male) |
| 25:02 | Create | Villager (Male) |
| 25:15 | Create | Hand Cannoneer |
| 25:16 | Create | Hand Cannoneer |
| 25:33 | Build | Farm |
| 25:34 | Build | Farm |
| 25:34 | Build | Farm |
| 26:16 | Create | Hand Cannoneer ×5 |
| 26:43 | Build | Farm |
| 26:43 | Build | Farm |
| 28:03 | Build | Archery Range |
| 28:16 | Create | Villager (Male) |
| 28:17 | Create | Villager (Male) |
| 28:18 | Create | Hand Cannoneer ×5 |
| 28:29 | Create | Villager (Male) |
| 28:38 | Build | University |
| 28:53 | Create | Hand Cannoneer ×5 |
| 29:51 | Create | Hand Cannoneer ×5 |
| 30:31 | Build | Siege Workshop |
| 30:43 | Create | Hand Cannoneer ×5 |
| 30:45 | Create | Villager (Male) |
| 30:46 | Create | Villager (Male) |
| 30:46 | Create | Villager (Male) |
| 30:47 | Create | Villager (Male) |
| 31:34 | Create | Hand Cannoneer ×5 |
| 31:38 | Build | House |
| 31:39 | Build | House |
| 31:39 | Build | House |
| 31:40 | Build | House |
| 31:40 | Build | House |
| 32:01 | Create | Hand Cannoneer ×4 |
| 32:13 | Research | Ballistics |
| 32:21 | Create | Villager (Male) |
| 32:51 | Create | Hand Cannoneer ×3 |
| 33:27 | Create | Bombard Cannon |
| 33:35 | Build | House |
| 33:36 | Build | House |
| 33:37 | Build | House |
| 33:37 | Build | House |
| 33:51 | Create | Villager (Male) |
| 33:51 | Create | Villager (Male) |
| 33:52 | Create | Villager (Male) |
| 33:54 | Build | Farm |
| 34:12 | Build | Farm |
| 34:42 | Create | Hand Cannoneer ×5 |
| 34:43 | Create | Hand Cannoneer ×3 |
| 35:14 | Build | Mining Camp |
| 35:28 | Build | Mining Camp |
| 35:54 | Create | Hand Cannoneer ×5 |
Build order — LSG
First 150 of 246 actions detected
| 0:01 | Create | Villager (Male) |
| 0:01 | Create | Villager (Male) |
| 0:02 | Create | Villager (Male) |
| 0:03 | Build | House |
| 0:05 | Build | House |
| 0:30 | Create | Villager (Male) |
| 0:33 | Research | Loom |
| 0:43 | Create | Villager (Male) |
| 0:43 | Create | Villager (Male) |
| 1:18 | Build | Palisade Wall |
| 1:59 | Create | Villager (Male) |
| 3:22 | Build | House |
| 3:47 | Create | Villager (Male) |
| 3:47 | Create | Villager (Male) |
| 4:24 | Create | Villager (Male) |
| 4:24 | Create | Villager (Male) |
| 4:42 | Build | Palisade Wall |
| 5:01 | Create | Villager (Male) |
| 5:40 | Build | House |
| 5:48 | Create | Villager (Male) |
| 6:13 | Create | Villager (Male) |
| 6:33 | Build | Lumber Camp |
| 6:47 | Create | Villager (Male) |
| 7:20 | Create | Villager (Male) |
| 7:59 | Create | Villager (Male) |
| 7:59 | Create | Villager (Male) |
| 8:34 | Create | Villager (Male) |
| 8:45 | Build | Dock |
| 8:59 | Create | Villager (Male) |
| 9:19 | Create | Villager (Male) |
| 9:25 | Create | Fishing Ship |
| 9:45 | Create | Villager (Male) |
| 9:58 | Create | Villager (Male) |
| 9:58 | Create | Villager (Male) |
| 10:05 | Create | Fishing Ship |
| 10:50 | Create | Villager (Male) |
| 10:52 | Create | Fishing Ship |
| 10:58 | Build | House |
| 11:25 | Create | Villager (Male) |
| 11:38 | Create | Fishing Ship |
| 11:59 | Create | Villager (Male) |
| 12:33 | Build | House |
| 12:38 | Build | House |
| 12:44 | Build | Mill |
| 12:49 | Research | Feudal Age |
| 12:56 | Create | Fishing Ship |
| 13:02 | Build | House |
| 13:45 | Create | Villager (Male) |
| 13:45 | Create | Villager (Male) |
| 13:49 | Build | Lumber Camp |
| 13:51 | Create | Fishing Ship |
| 14:41 | Create | Fishing Ship |
| 14:59 | Age | Feudal Age |
| 15:00 | Build | Market |
| 15:14 | Build | Blacksmith |
| 15:24 | Create | Villager (Male) |
| 15:44 | Create | Villager (Male) |
| 15:58 | Build | Mining Camp |
| 16:19 | Build | Stone Wall |
| 16:36 | Research | Tech 906 |
| 16:39 | Create | Villager (Male) |
| 16:47 | Build | Fish Trap |
| 16:53 | Build | Fish Trap |
| 17:03 | Build | Stone Wall |
| 17:05 | Build | Stone Wall |
| 17:11 | Build | Stone Wall |
| 17:45 | Create | Villager (Male) |
| 18:29 | Build | Stone Wall |
| 18:50 | Research | Castle Age |
| 19:02 | Build | Stone Wall |
| 19:06 | Build | Stone Wall |
| 19:30 | Build | Stone Wall |
| 19:44 | Build | Stone Wall |
| 19:45 | Build | Stone Wall |
| 19:53 | Build | Stone Wall |
| 19:53 | Build | Stone Wall |
| 19:54 | Build | Stone Wall |
| 20:06 | Create | Fishing Ship |
| 20:06 | Create | Fishing Ship |
| 20:06 | Create | Fishing Ship |
| 20:13 | Build | Dock |
| 20:23 | Build | Dock |
| 20:27 | Build | Fish Trap |
| 20:31 | Create | Villager (Male) |
| 20:31 | Create | Villager (Male) |
| 20:41 | Build | Mining Camp |
| 20:55 | Build | Stone Wall |
| 20:56 | Build | Stone Wall |
| 20:57 | Build | Stone Wall |
| 20:58 | Build | Stone Wall |
| 20:59 | Build | Stone Wall |
| 21:04 | Research | Double-Bit Axe |
| 21:04 | Research | Horse Collar |
| 21:17 | Build | Fish Trap |
| 21:22 | Create | Fishing Ship ×5 |
| 21:27 | Build | Fish Trap |
| 21:30 | Age | Castle Age |
| 21:32 | Build | Fish Trap |
| 21:35 | Build | Fish Trap |
| 21:42 | Build | Fish Trap |
| 21:49 | Create | Villager (Male) |
| 21:49 | Create | Villager (Male) |
| 22:03 | Build | Fish Trap |
| 22:13 | Build | Fish Trap |
| 22:15 | Build | House |
| 22:24 | Build | House |
| 22:24 | Build | House |
| 22:31 | Build | Stone Wall |
| 22:32 | Build | Stone Wall |
| 22:54 | Build | Town Center |
| 23:04 | Create | Villager (Male) |
| 23:04 | Create | Villager (Male) |
| 23:05 | Create | Villager (Male) |
| 23:08 | Research | Bow Saw |
| 23:13 | Research | Gillnets |
| 23:26 | Build | Fish Trap |
| 23:32 | Build | Fish Trap |
| 23:41 | Build | Fish Trap |
| 23:54 | Create | Villager (Male) |
| 23:54 | Create | Villager (Male) |
| 23:54 | Create | Villager (Male) |
| 23:55 | Create | Villager (Male) |
| 23:56 | Create | Villager (Male) |
| 23:58 | Build | Fish Trap |
| 24:11 | Build | Fish Trap |
| 24:13 | Create | Villager (Male) |
| 24:14 | Create | Villager (Male) |
| 24:21 | Build | House |
| 24:23 | Build | House |
| 24:24 | Build | House |
| 24:25 | Build | House |
| 24:40 | Create | Villager (Male) |
| 24:40 | Create | Villager (Male) |
| 24:48 | Create | Fishing Ship |
| 24:48 | Create | Fishing Ship |
| 24:48 | Create | Fishing Ship |
| 24:49 | Create | Fishing Ship |
| 24:50 | Create | Fishing Ship |
| 24:52 | Create | Fishing Ship |
| 25:07 | Create | Villager (Male) |
| 25:23 | Create | Villager (Male) |
| 25:23 | Create | Villager (Male) |
| 25:35 | Build | Fish Trap |
| 25:40 | Build | Fish Trap |
| 25:44 | Build | Fish Trap |
| 25:49 | Create | Fishing Ship |
| 25:49 | Create | Fishing Ship |
| 25:49 | Create | Fishing Ship |
| 25:51 | Create | Fishing Ship |
| 25:51 | Create | Fishing Ship |
Build order — RaBBiT F*cKeR
First 150 of 244 actions detected
| 0:06 | Create | Villager (Male) ×4 |
| 0:08 | Build | House |
| 0:10 | Build | House |
| 1:36 | Create | Villager (Male) |
| 2:22 | Create | Villager (Male) |
| 2:22 | Create | Villager (Male) |
| 3:02 | Create | Villager (Male) |
| 3:11 | Create | Villager (Male) |
| 3:43 | Create | Villager (Male) |
| 3:48 | Build | House |
| 4:08 | Create | Villager (Male) |
| 4:47 | Create | Villager (Male) |
| 5:01 | Build | Mill |
| 5:06 | Create | Villager (Male) |
| 5:06 | Create | Villager (Male) |
| 5:19 | Create | Villager (Male) |
| 5:23 | Build | House |
| 5:58 | Create | Villager (Male) |
| 5:58 | Create | Villager (Male) |
| 6:38 | Build | Lumber Camp |
| 6:46 | Create | Villager (Male) ×2 |
| 6:57 | Build | Mining Camp |
| 7:27 | Create | Villager (Male) ×4 |
| 7:52 | Build | House |
| 8:05 | Create | Villager (Male) |
| 8:47 | Build | Lumber Camp |
| 9:28 | Research | Loom |
| 9:29 | Research | Feudal Age |
| 9:38 | Build | Mill |
| 9:45 | Build | House |
| 11:21 | Create | Villager (Male) |
| 11:21 | Create | Villager (Male) |
| 11:26 | Build | Mining Camp |
| 12:27 | Age | Feudal Age |
| 12:38 | Build | Market |
| 12:40 | Build | Blacksmith |
| 13:20 | Create | Villager (Male) |
| 13:20 | Create | Villager (Male) |
| 13:38 | Build | House |
| 13:47 | Build | Farm |
| 14:25 | Research | Castle Age |
| 14:28 | Build | Farm |
| 15:18 | Research | Double-Bit Axe |
| 15:21 | Research | Horse Collar |
| 17:05 | Age | Castle Age |
| 17:08 | Create | Villager (Male) ×5 |
| 17:12 | Build | Town Center |
| 17:16 | Build | Town Center |
| 17:38 | Build | Farm |
| 17:40 | Build | Farm |
| 17:45 | Build | Farm |
| 17:50 | Build | Farm |
| 17:51 | Build | Farm |
| 17:54 | Create | Villager (Male) ×5 |
| 17:54 | Create | Villager (Male) ×3 |
| 18:08 | Build | Farm |
| 18:09 | Build | Farm |
| 18:11 | Build | Farm |
| 18:12 | Build | Farm |
| 18:13 | Build | Farm |
| 18:14 | Build | Farm |
| 18:16 | Build | Farm |
| 18:17 | Build | Farm |
| 18:59 | Build | Mining Camp |
| 19:00 | Build | Mining Camp |
| 19:03 | Create | Villager (Male) ×2 |
| 19:18 | Build | Farm |
| 19:34 | Build | Town Center |
| 19:56 | Create | Villager (Male) |
| 19:56 | Create | Villager (Male) |
| 19:57 | Create | Villager (Male) |
| 19:57 | Create | Villager (Male) |
| 20:23 | Create | Villager (Male) ×5 |
| 20:29 | Build | House |
| 20:39 | Research | Wheelbarrow |
| 20:46 | Build | Mining Camp |
| 21:11 | Build | House |
| 21:12 | Build | House |
| 21:15 | Build | House |
| 21:15 | Build | House |
| 21:21 | Create | Villager (Male) ×3 |
| 21:47 | Create | Villager (Male) ×4 |
| 21:53 | Build | Farm |
| 21:59 | Build | House |
| 22:00 | Build | House |
| 22:02 | Build | House |
| 22:12 | Build | Farm |
| 22:16 | Create | Villager (Male) ×2 |
| 22:20 | Build | Farm |
| 22:28 | Create | Villager (Male) ×2 |
| 22:28 | Create | Villager (Male) |
| 22:32 | Build | Mill |
| 22:35 | Build | Mill |
| 22:42 | Build | Farm |
| 22:48 | Create | Villager (Male) |
| 22:51 | Create | Villager (Male) |
| 23:05 | Build | Farm |
| 23:08 | Build | Farm |
| 23:13 | Create | Villager (Male) ×3 |
| 23:21 | Build | Farm |
| 23:25 | Build | Farm |
| 23:29 | Build | House |
| 23:30 | Build | House |
| 23:32 | Build | Farm |
| 23:35 | Build | Farm |
| 23:40 | Build | Farm |
| 23:42 | Build | Farm |
| 23:45 | Build | Farm |
| 23:51 | Create | Villager (Male) ×5 |
| 23:51 | Create | Villager (Male) |
| 23:53 | Build | Town Center |
| 24:21 | Create | Villager (Male) ×5 |
| 24:25 | Build | Farm |
| 24:42 | Create | Villager (Male) ×5 |
| 24:45 | Build | Lumber Camp |
| 24:47 | Build | Lumber Camp |
| 25:00 | Build | House |
| 25:01 | Build | House |
| 25:18 | Create | Villager (Male) ×5 |
| 25:22 | Create | Villager (Male) ×3 |
| 25:26 | Build | Mining Camp |
| 25:38 | Create | Villager (Male) ×4 |
| 25:42 | Build | Farm |
| 25:45 | Build | Farm |
| 25:53 | Build | Mill |
| 26:05 | Build | Farm |
| 26:11 | Build | Farm |
| 26:15 | Build | House |
| 26:15 | Build | House |
| 26:16 | Build | House |
| 26:17 | Build | House |
| 26:18 | Build | House |
| 26:21 | Build | Farm |
| 26:27 | Build | Farm |
| 26:33 | Research | Hand Cart |
| 26:33 | Create | Villager (Male) ×5 |
| 26:34 | Create | Villager (Male) |
| 26:46 | Build | Farm |
| 26:49 | Build | Farm |
| 26:58 | Create | Villager (Male) ×5 |
| 26:58 | Create | Villager (Male) |
| 27:00 | Create | Villager (Male) |
| 27:08 | Build | Farm |
| 27:12 | Build | Lumber Camp |
| 27:18 | Research | Bow Saw |
| 27:30 | Research | Town Watch |
| 27:31 | Create | Villager (Male) ×3 |
| 27:31 | Create | Villager (Male) |
| 27:34 | Build | Farm |
| 27:49 | Build | Mining Camp |
Build order — WheyProtein1
First 150 of 216 actions detected
| 0:02 | Create | Villager (Male) |
| 0:02 | Create | Villager (Male) |
| 0:03 | Build | House |
| 0:05 | Build | House |
| 0:23 | Create | Villager (Male) |
| 0:23 | Create | Villager (Male) |
| 0:24 | Create | Villager (Male) |
| 0:33 | Research | Loom |
| 0:45 | Create | Villager (Male) |
| 1:02 | Build | Palisade Wall |
| 1:06 | Create | Villager (Male) |
| 1:43 | Create | Villager (Male) |
| 2:53 | Create | Villager (Male) |
| 3:16 | Create | Villager (Male) |
| 3:54 | Create | Villager (Male) |
| 4:01 | Build | House |
| 4:49 | Create | Villager (Male) |
| 5:15 | Build | Palisade Wall |
| 5:18 | Build | Palisade Wall |
| 5:20 | Create | Villager (Male) |
| 5:21 | Create | Villager (Male) |
| 5:41 | Create | Villager (Male) |
| 5:57 | Build | Lumber Camp |
| 6:03 | Create | Villager (Male) |
| 6:03 | Create | Villager (Male) |
| 6:18 | Build | House |
| 6:37 | Create | Villager (Male) |
| 6:54 | Create | Villager (Male) |
| 7:20 | Create | Villager (Male) |
| 7:20 | Create | Villager (Male) |
| 7:53 | Create | Villager (Male) |
| 7:57 | Create | Villager (Male) |
| 8:36 | Create | Villager (Male) |
| 8:49 | Build | House |
| 8:57 | Build | Palisade Wall |
| 8:58 | Build | Palisade Wall |
| 8:59 | Build | Palisade Wall |
| 9:11 | Create | Villager (Male) |
| 9:46 | Create | Villager (Male) |
| 9:53 | Create | Villager (Male) |
| 9:57 | Build | Mill |
| 10:09 | Create | Villager (Male) |
| 10:29 | Build | House |
| 10:58 | Create | Villager (Male) |
| 11:20 | Create | Villager (Male) |
| 11:24 | Build | Mining Camp |
| 11:35 | Research | Feudal Age |
| 12:04 | Create | Villager (Male) |
| 12:04 | Create | Villager (Male) |
| 12:38 | Build | House |
| 13:10 | Create | Villager (Male) |
| 13:35 | Build | Barracks |
| 13:37 | Create | Villager (Male) |
| 13:49 | Age | Feudal Age |
| 13:51 | Create | Villager (Male) |
| 13:58 | Create | Villager (Male) |
| 14:03 | Build | Palisade Wall |
| 14:37 | Research | Horse Collar |
| 14:53 | Build | Farm |
| 15:00 | Build | Farm |
| 15:01 | Build | Farm |
| 15:01 | Build | Farm |
| 15:02 | Build | Farm |
| 15:02 | Build | Farm |
| 15:03 | Build | Farm |
| 15:17 | Build | Stone Wall |
| 15:19 | Create | Villager (Male) |
| 15:41 | Build | Farm |
| 15:56 | Build | Farm |
| 16:01 | Create | Spearman |
| 16:15 | Create | Spearman |
| 16:30 | Create | Spearman |
| 16:31 | Create | Villager (Male) |
| 16:32 | Create | Villager (Male) |
| 16:46 | Create | Spearman |
| 16:59 | Build | House |
| 17:03 | Create | Spearman |
| 17:22 | Create | Spearman |
| 17:26 | Create | Villager (Male) |
| 17:26 | Create | Villager (Male) |
| 17:35 | Build | Market |
| 18:06 | Research | Wheelbarrow |
| 18:10 | Build | Palisade Wall |
| 18:15 | Build | Blacksmith |
| 18:17 | Create | Villager (Male) |
| 18:17 | Create | Villager (Male) |
| 18:51 | Build | Farm |
| 18:54 | Build | Farm |
| 19:32 | Build | House |
| 19:42 | Build | Lumber Camp |
| 19:51 | Build | Farm |
| 20:18 | Research | Castle Age |
| 20:24 | Build | House |
| 20:34 | Build | Outpost |
| 21:17 | Create | Villager (Male) |
| 21:18 | Create | Villager (Male) |
| 21:18 | Create | Villager (Male) |
| 21:40 | Build | House |
| 21:41 | Create | Villager (Male) |
| 22:15 | Build | Mining Camp |
| 22:58 | Age | Castle Age |
| 22:59 | Create | Villager (Male) |
| 22:59 | Create | Villager (Male) |
| 22:59 | Create | Villager (Male) |
| 23:06 | Build | Town Center |
| 23:13 | Build | Town Center |
| 23:15 | Create | Villager (Male) |
| 23:20 | Build | Town Center |
| 23:23 | Build | House |
| 23:24 | Create | Villager (Male) |
| 23:28 | Research | Heavy Plow |
| 23:53 | Build | House |
| 24:24 | Build | Farm |
| 24:27 | Build | Farm |
| 24:34 | Build | House |
| 24:43 | Create | Villager (Male) |
| 24:44 | Create | Villager (Male) |
| 24:49 | Create | Villager (Male) |
| 24:49 | Create | Villager (Male) |
| 24:50 | Build | Farm |
| 24:51 | Build | Farm |
| 24:53 | Create | Villager (Male) |
| 24:57 | Create | Villager (Male) |
| 24:59 | Create | Villager (Male) |
| 24:59 | Create | Villager (Male) |
| 24:59 | Create | Villager (Male) |
| 25:00 | Create | Villager (Male) |
| 25:01 | Create | Villager (Male) |
| 25:01 | Create | Villager (Male) |
| 25:02 | Create | Villager (Male) |
| 25:07 | Build | Farm |
| 25:14 | Create | Villager (Male) |
| 25:24 | Create | Villager (Male) |
| 25:25 | Create | Villager (Male) |
| 25:37 | Build | Siege Workshop |
| 25:39 | Create | Villager (Male) |
| 25:44 | Build | House |
| 25:51 | Build | Farm |
| 25:55 | Create | Villager (Male) |
| 26:07 | Build | Farm |
| 26:07 | Build | Farm |
| 26:09 | Build | Farm |
| 26:09 | Create | Villager (Male) |
| 26:12 | Create | Villager (Male) |
| 26:12 | Create | Villager (Male) |
| 26:14 | Build | Farm |
| 26:24 | Build | House |
| 26:25 | Create | Mangonel |
| 26:30 | Create | Villager (Male) |
| 26:34 | Build | Farm |
Build order — Blackmore_Night
First 150 of 400 actions detected
| 0:04 | Create | Villager (Male) |
| 0:04 | Create | Villager (Male) |
| 0:04 | Create | Villager (Male) |
| 0:05 | Create | Villager (Male) |
| 0:06 | Build | House |
| 0:07 | Build | House |
| 1:33 | Create | Villager (Male) |
| 1:52 | Build | Lumber Camp |
| 2:07 | Create | Villager (Male) |
| 2:18 | Create | Villager (Male) |
| 3:00 | Create | Villager (Male) |
| 3:11 | Create | Villager (Male) |
| 3:59 | Build | House |
| 4:03 | Build | House |
| 4:10 | Create | Villager (Male) |
| 4:15 | Create | Villager (Male) |
| 5:05 | Create | Villager (Male) |
| 5:06 | Create | Villager (Male) |
| 5:35 | Build | Dock |
| 5:46 | Create | Villager (Male) |
| 5:47 | Create | Villager (Male) |
| 5:47 | Create | Villager (Male) |
| 6:26 | Create | Fishing Ship |
| 6:29 | Create | Fishing Ship |
| 6:34 | Research | Loom |
| 7:08 | Create | Fishing Ship |
| 7:20 | Build | House |
| 7:26 | Create | Villager (Male) |
| 7:27 | Create | Villager (Male) |
| 7:38 | Create | Villager (Male) |
| 7:47 | Create | Villager (Male) |
| 7:53 | Create | Fishing Ship |
| 8:13 | Create | Villager (Male) |
| 8:20 | Create | Fishing Ship |
| 8:29 | Build | Palisade Wall |
| 8:32 | Create | Villager (Male) |
| 9:01 | Create | Villager (Male) |
| 9:18 | Create | Villager (Male) |
| 9:24 | Create | Fishing Ship |
| 9:30 | Build | Mill |
| 9:47 | Create | Villager (Male) |
| 9:52 | Build | House |
| 10:11 | Build | House |
| 10:20 | Create | Fishing Ship |
| 10:54 | Build | Palisade Wall |
| 10:56 | Create | Villager (Male) |
| 10:58 | Create | Fishing Ship |
| 11:23 | Build | Lumber Camp |
| 11:23 | Create | Fishing Ship |
| 11:30 | Build | House |
| 11:44 | Research | Feudal Age |
| 11:44 | Research | Feudal Age |
| 12:07 | Build | Palisade Wall |
| 12:32 | Build | Palisade Wall |
| 12:33 | Build | Palisade Wall |
| 12:54 | Build | Mining Camp |
| 13:32 | Build | Palisade Wall |
| 13:34 | Build | Palisade Wall |
| 13:52 | Create | Fishing Ship |
| 13:52 | Create | Fishing Ship |
| 13:57 | Age | Feudal Age |
| 13:58 | Build | Mining Camp |
| 14:12 | Build | Market |
| 14:19 | Build | Stone Wall |
| 14:48 | Build | Stone Wall |
| 14:52 | Create | Villager (Male) |
| 14:56 | Build | Blacksmith |
| 15:23 | Research | Castle Age |
| 15:29 | Build | Fish Trap |
| 15:31 | Build | Fish Trap |
| 15:33 | Build | Fish Trap |
| 15:34 | Build | Fish Trap |
| 15:51 | Build | House |
| 15:55 | Build | Fish Trap |
| 16:15 | Research | Double-Bit Axe |
| 16:33 | Build | House |
| 16:35 | Build | Fish Trap |
| 16:51 | Build | Fish Trap |
| 16:57 | Build | Fish Trap |
| 17:07 | Build | Fish Trap |
| 17:14 | Build | House |
| 17:30 | Build | Fish Trap |
| 17:46 | Build | Fish Trap |
| 18:03 | Age | Castle Age |
| 18:10 | Create | Villager (Male) |
| 18:24 | Build | Town Center |
| 18:32 | Research | Bow Saw |
| 18:37 | Create | Villager (Male) |
| 18:56 | Build | Outpost |
| 19:07 | Create | Villager (Male) |
| 19:17 | Research | Horse Collar |
| 19:27 | Create | Fishing Ship |
| 19:45 | Create | Villager (Male) |
| 19:48 | Create | Villager (Male) |
| 19:54 | Build | Town Center |
| 20:05 | Create | Villager (Male) |
| 20:13 | Build | Fish Trap |
| 20:15 | Create | Fishing Ship |
| 20:17 | Create | Villager (Male) |
| 20:19 | Create | Villager (Male) |
| 20:38 | Create | Villager (Male) |
| 20:43 | Create | Villager (Male) |
| 20:59 | Create | Fishing Ship |
| 21:02 | Build | Fish Trap |
| 21:15 | Build | Dock |
| 21:21 | Create | Villager (Male) |
| 21:23 | Create | Fishing Ship |
| 21:24 | Create | Villager (Male) |
| 21:35 | Create | Villager (Male) |
| 21:36 | Create | Fishing Ship |
| 21:48 | Build | Fish Trap |
| 21:55 | Create | Villager (Male) |
| 21:56 | Create | Villager (Male) |
| 22:00 | Research | Heavy Plow |
| 22:11 | Research | Wheelbarrow |
| 22:12 | Create | Villager (Male) |
| 22:19 | Build | House |
| 22:21 | Create | Villager (Male) |
| 22:29 | Build | Fish Trap |
| 22:31 | Create | Fishing Ship |
| 22:39 | Create | Villager (Male) |
| 22:51 | Create | Villager (Male) |
| 22:54 | Build | Fish Trap |
| 22:55 | Create | Fishing Ship |
| 22:57 | Create | Villager (Male) |
| 23:00 | Build | House |
| 23:01 | Build | House |
| 23:09 | Build | Fish Trap |
| 23:11 | Create | Villager (Male) |
| 23:24 | Build | Fish Trap |
| 23:30 | Create | Villager (Male) |
| 23:30 | Create | Villager (Male) |
| 23:31 | Create | Villager (Male) |
| 23:31 | Create | Villager (Male) |
| 23:33 | Create | Fishing Ship |
| 23:37 | Create | Villager (Male) |
| 23:41 | Research | Stone Mining |
| 23:42 | Research | Gold Mining |
| 23:58 | Build | Fish Trap |
| 24:08 | Create | Fishing Ship |
| 24:14 | Build | Lumber Camp |
| 24:15 | Create | Villager (Male) |
| 24:21 | Build | House |
| 24:30 | Build | Fish Trap |
| 24:32 | Create | Fishing Ship |
| 24:35 | Create | Fishing Ship |
| 24:36 | Create | Villager (Male) |
| 24:36 | Create | Villager (Male) |
| 24:44 | Create | Villager (Male) |
| 24:52 | Create | Fishing Ship |
Build order — Vi(RUS)
First 150 of 212 actions detected
| 0:00 | Create | Villager (Male) |
| 0:01 | Create | Villager (Male) |
| 0:02 | Build | House |
| 0:03 | Build | House |
| 0:07 | Create | Villager (Male) |
| 0:25 | Research | Loom |
| 0:25 | Create | Villager (Male) |
| 0:25 | Create | Villager (Male) |
| 0:43 | Create | Villager (Male) |
| 0:59 | Build | Palisade Wall |
| 1:54 | Create | Villager (Male) |
| 3:24 | Build | Lumber Camp |
| 3:26 | Create | Villager (Male) |
| 4:14 | Create | Villager (Male) |
| 4:26 | Build | Palisade Wall |
| 4:41 | Create | Villager (Male) |
| 5:08 | Create | Villager (Male) |
| 5:33 | Create | Villager (Male) |
| 6:30 | Create | Villager (Male) |
| 6:31 | Create | Villager (Male) |
| 6:55 | Build | House |
| 7:04 | Create | Villager (Male) |
| 7:28 | Create | Villager (Male) |
| 7:53 | Create | Villager (Male) |
| 7:57 | Create | Villager (Male) |
| 8:23 | Build | House |
| 8:39 | Create | Villager (Male) |
| 9:05 | Build | Mining Camp |
| 9:07 | Create | Villager (Male) |
| 9:47 | Research | Feudal Age |
| 9:47 | Research | Feudal Age |
| 11:01 | Create | Villager (Male) |
| 11:47 | Build | Mill |
| 12:03 | Age | Feudal Age |
| 12:10 | Build | Blacksmith |
| 12:21 | Build | Stone Wall |
| 12:24 | Create | Villager (Male) |
| 12:26 | Create | Villager (Male) |
| 12:35 | Build | Mining Camp |
| 12:37 | Create | Villager (Male) |
| 12:40 | Build | House |
| 13:29 | Create | Villager (Male) |
| 13:43 | Build | Market |
| 13:45 | Create | Villager (Male) |
| 14:12 | Build | Stone Wall |
| 14:13 | Build | Stone Wall |
| 14:14 | Build | Stone Wall |
| 14:31 | Create | Villager (Male) |
| 14:54 | Research | Castle Age |
| 15:53 | Research | Double-Bit Axe |
| 16:00 | Build | Stone Wall |
| 16:01 | Build | Stone Wall |
| 16:08 | Create | Villager (Male) |
| 17:38 | Age | Castle Age |
| 17:49 | Build | Castle |
| 18:00 | Create | Villager (Male) |
| 18:03 | Build | Lumber Camp |
| 18:30 | Create | Villager (Male) |
| 18:43 | Build | House |
| 19:12 | Build | Farm |
| 19:17 | Create | Villager (Male) |
| 19:24 | Build | Farm |
| 19:57 | Create | Villager (Male) |
| 19:59 | Build | Farm |
| 20:01 | Build | Farm |
| 20:03 | Build | Farm |
| 20:06 | Create | Villager (Male) |
| 20:28 | Build | Farm |
| 20:43 | Research | Imperial Age |
| 20:44 | Research | Imperial Age |
| 20:51 | Build | Farm |
| 21:20 | Create | Cataphract |
| 21:26 | Create | Villager (Male) |
| 21:37 | Build | Siege Workshop |
| 21:46 | Build | University |
| 22:03 | Create | Villager (Male) |
| 22:10 | Create | Cataphract |
| 22:18 | Create | Villager (Male) |
| 23:24 | Create | Villager (Male) |
| 23:26 | Research | Gold Mining |
| 23:31 | Research | Horse Collar |
| 23:59 | Age | Imperial Age |
| 24:01 | Research | Chemistry |
| 24:02 | Create | Trebuchet (Packed) |
| 25:00 | Create | Villager (Male) |
| 25:04 | Build | Town Center |
| 25:24 | Create | Cataphract |
| 25:25 | Create | Cataphract |
| 25:49 | Create | Villager (Male) |
| 25:57 | Build | Barracks |
| 26:01 | Create | Bombard Cannon |
| 26:18 | Create | Villager (Male) |
| 26:19 | Create | Villager (Male) |
| 26:23 | Create | Villager (Male) |
| 26:31 | Create | Villager (Male) |
| 26:33 | Create | Villager (Male) |
| 26:55 | Create | Cataphract |
| 27:38 | Create | Mangonel |
| 27:44 | Build | Archery Range |
| 27:45 | Create | Villager (Male) |
| 27:46 | Create | Villager (Male) |
| 27:47 | Build | Farm |
| 27:48 | Build | Farm |
| 27:49 | Build | Farm |
| 27:50 | Create | Villager (Male) |
| 27:55 | Build | Farm |
| 28:09 | Create | Cataphract |
| 28:21 | Research | Pikeman (upgrade) |
| 28:28 | Build | Farm |
| 28:34 | Build | House |
| 28:35 | Build | House |
| 29:16 | Research | Elite Skirmisher (upgrade) |
| 29:19 | Build | Archery Range |
| 29:21 | Create | Villager (Male) |
| 29:22 | Build | Farm |
| 29:23 | Create | Villager (Male) |
| 29:24 | Create | Villager (Male) |
| 29:25 | Create | Villager (Male) |
| 30:25 | Create | Skirmisher |
| 30:25 | Create | Skirmisher |
| 30:26 | Create | Skirmisher |
| 30:26 | Create | Skirmisher |
| 30:27 | Create | Skirmisher |
| 30:30 | Build | Archery Range |
| 30:31 | Create | Villager (Male) |
| 30:31 | Create | Villager (Male) |
| 30:32 | Build | Farm |
| 30:33 | Build | Farm |
| 30:34 | Create | Villager (Male) |
| 30:34 | Create | Villager (Male) |
| 30:42 | Build | House |
| 31:46 | Create | Villager (Male) |
| 31:46 | Create | Villager (Male) |
| 31:47 | Build | Farm |
| 31:49 | Build | Farm |
| 31:53 | Build | Farm |
| 31:56 | Create | Villager (Male) |
| 31:56 | Create | Villager (Male) |
| 31:59 | Build | Farm |
| 32:01 | Build | Farm |
| 32:11 | Build | House |
| 32:20 | Build | Town Center |
| 32:39 | Research | Wheelbarrow |
| 32:50 | Build | Town Center |
| 33:00 | Build | Farm |
| 33:01 | Build | Farm |
| 33:05 | Build | Farm |
| 33:07 | Build | Farm |
| 33:09 | Create | Villager (Male) |
| 33:09 | Create | Villager (Male) |
Match timeline
| 0:59 | Vi(RUS) · wall_segment Palisade Wall x8 |
| 1:02 | WheyProtein1 · wall_segment Palisade Wall x9 |
| 1:15 | SaynhurChouk · wall_segment Palisade Wall x6 |
| 1:18 | LSG · wall_segment Palisade Wall x10 |
| 3:26 | SaynhurChouk · wall_segment Palisade Wall x9 |
| 4:26 | Vi(RUS) · wall_segment Palisade Wall x7 |
| 4:42 | LSG · wall_segment Palisade Wall x3 |
| 5:15 | WheyProtein1 · wall_segment Palisade Wall x8 |
| 5:18 | WheyProtein1 · wall_segment Palisade Wall x9 |
| 5:35 | Blackmore_Night · first_building Dock |
| 7:10 | Goku_San · wall_segment Palisade Wall x8 |
| 7:41 | SaynhurChouk · first_building Dock |
| 8:07 | Goku_San · wall_segment Palisade Wall x8 |
| 8:16 | Goku_San · wall_segment Palisade Wall x9 |
| 8:29 | Blackmore_Night · wall_segment Palisade Wall x11 |
| 8:45 | LSG · first_building Dock |
| 8:57 | WheyProtein1 · wall_segment Palisade Wall x4 |
| 8:58 | WheyProtein1 · wall_segment Palisade Wall x2 |
| 8:59 | WheyProtein1 · wall_segment Palisade Wall x6 |
| 9:55 | Goku_San · wall_segment Palisade Wall x7 |
| 10:45 | Goku_San · age_up feudal |
| 10:54 | Blackmore_Night · wall_segment Palisade Wall x11 |
| 10:55 | Goku_San · wall_segment Stone Wall x9 |
| 12:03 | Vi(RUS) · age_up feudal |
| 12:07 | Blackmore_Night · wall_segment Palisade Wall x2 |
| 12:09 | Goku_San · wall_segment Stone Wall x8 |
| 12:21 | Vi(RUS) · wall_segment Stone Wall x11 |
| 12:27 | RaBBiT F*cKeR · age_up feudal |
| 12:32 | Blackmore_Night · wall_segment Palisade Wall x1 |
| 12:33 | Blackmore_Night · wall_segment Palisade Wall x1 |
| 13:02 | ALAW · age_up feudal |
| 13:10 | ALAW · wall_segment Stone Wall x6 |
| 13:32 | Blackmore_Night · wall_segment Palisade Wall x6 |
| 13:34 | Blackmore_Night · wall_segment Palisade Wall x4 |
| 13:35 | WheyProtein1 · first_building Barracks |
| 13:49 | WheyProtein1 · age_up feudal |
| 13:57 | Blackmore_Night · age_up feudal |
| 13:58 | SaynhurChouk · age_up feudal |
| 14:03 | WheyProtein1 · wall_segment Palisade Wall x1 |
| 14:12 | Vi(RUS) · wall_segment Stone Wall x2 |
| 14:13 | Vi(RUS) · wall_segment Stone Wall x4 |
| 14:14 | Vi(RUS) · wall_segment Stone Wall x5 |
| 14:19 | Blackmore_Night · wall_segment Stone Wall x14 |
| 14:35 | SaynhurChouk · wall_segment Stone Wall x9 |
| 14:38 | SaynhurChouk · wall_segment Stone Wall x5 |
| 14:48 | Blackmore_Night · wall_segment Stone Wall x1 |
| 14:59 | LSG · age_up feudal |
| 15:17 | WheyProtein1 · wall_segment Stone Wall x10 |
| 15:47 | ALAW · first_market_sell 100 stone |
| 15:48 | ALAW · first_market_buy 100 food |
| 16:00 | Vi(RUS) · wall_segment Stone Wall x1 |
| 16:01 | Vi(RUS) · wall_segment Stone Wall x1 |
| 16:19 | LSG · wall_segment Stone Wall x4 |
| 16:19 | Goku_San · age_up castle |
| 16:41 | Goku_San · first_market_sell 100 food |
| 16:42 | ALAW · age_up castle |
| 16:42 | Goku_San · first_market_buy 100 stone |
| 16:46 | Blackmore_Night · first_market_sell 100 stone |
| 16:46 | ALAW · first_building Monastery |
| 16:49 | Blackmore_Night · first_market_buy 100 wood |
| 16:49 | ALAW · first_building Siege Workshop |
| 17:03 | LSG · wall_segment Stone Wall x1 |
| 17:05 | LSG · wall_segment Stone Wall x1 |
| 17:05 | RaBBiT F*cKeR · age_up castle |
| 17:11 | LSG · wall_segment Stone Wall x1 |
| 17:38 | Vi(RUS) · age_up castle |
| 17:42 | ALAW · first_building Barracks |
| 17:49 | Vi(RUS) · first_building Castle |
| 18:03 | Blackmore_Night · age_up castle |
| 18:07 | SaynhurChouk · age_up castle |
| 18:10 | WheyProtein1 · wall_segment Palisade Wall x5 |
| 18:13 | SaynhurChouk · first_building Siege Workshop |
| 18:27 | ALAW · first_building Archery Range |
| 18:29 | LSG · wall_segment Stone Wall x1 |
| 19:02 | LSG · wall_segment Stone Wall x1 |
| 19:06 | LSG · wall_segment Stone Wall x1 |
| 19:09 | SaynhurChouk · first_market_buy 100 wood |
| 19:30 | LSG · wall_segment Stone Wall x1 |
| 19:44 | LSG · wall_segment Stone Wall x1 |
| 19:45 | LSG · wall_segment Stone Wall x1 |
| 19:53 | LSG · wall_segment Stone Wall x1 |
| 19:53 | SaynhurChouk · wall_segment Stone Wall x1 |
| 19:53 | LSG · wall_segment Stone Wall x1 |
| 19:54 | SaynhurChouk · wall_segment Stone Wall x1 |
| 19:54 | LSG · wall_segment Stone Wall x1 |
| 19:55 | SaynhurChouk · wall_segment Stone Wall x6 |
| 20:55 | LSG · wall_segment Stone Wall x1 |
| 20:56 | LSG · wall_segment Stone Wall x1 |
| 20:57 | LSG · wall_segment Stone Wall x1 |
| 20:58 | LSG · wall_segment Stone Wall x1 |
| 20:59 | LSG · wall_segment Stone Wall x1 |
| 21:28 | ALAW · age_up imperial |
| 21:30 | LSG · age_up castle |
| 21:37 | Vi(RUS) · first_building Siege Workshop |
| 21:46 | WheyProtein1 · first_market_buy 100 stone |
| 22:31 | LSG · wall_segment Stone Wall x1 |
| 22:32 | LSG · wall_segment Stone Wall x1 |
| 22:33 | SaynhurChouk · wall_segment Stone Wall x5 |
| 22:48 | LSG · first_market_buy 100 wood |
| 22:58 | WheyProtein1 · age_up castle |
| 23:01 | SaynhurChouk · first_building Barracks |
| 23:06 | Goku_San · first_building Barracks |
| 23:44 | Goku_San · first_building Archery Range |
| 23:45 | SaynhurChouk · first_building Stable |
| 23:59 | Vi(RUS) · age_up imperial |
| 24:43 | SaynhurChouk · wall_segment Stone Wall x1 |
| 25:37 | WheyProtein1 · first_building Siege Workshop |
| 25:44 | SaynhurChouk · first_building Castle |
| 25:57 | Vi(RUS) · first_building Barracks |
| 26:58 | Blackmore_Night · first_building Castle |
| 27:37 | Blackmore_Night · first_building Barracks |
| 27:44 | Vi(RUS) · first_building Archery Range |
| 27:44 | Blackmore_Night · first_building Monastery |
| 28:22 | RaBBiT F*cKeR · tribute_sent a jugador 1 |
| 28:22 | RaBBiT F*cKeR · tribute_sent a jugador 2 |
| 28:22 | RaBBiT F*cKeR · tribute_sent a jugador 3 |
| 28:22 | RaBBiT F*cKeR · tribute_sent a jugador 5 |
| 28:22 | RaBBiT F*cKeR · tribute_sent a jugador 6 |
| 28:22 | RaBBiT F*cKeR · tribute_sent a jugador 7 |
| 28:22 | RaBBiT F*cKeR · tribute_sent a jugador 8 |
| 28:27 | Blackmore_Night · first_building Archery Range |
| 28:33 | WheyProtein1 · tribute_sent a jugador 1 |
| 28:33 | WheyProtein1 · tribute_sent a jugador 2 |
| 28:33 | WheyProtein1 · tribute_sent a jugador 3 |
| 28:33 | WheyProtein1 · tribute_sent a jugador 4 |
| 28:33 | WheyProtein1 · tribute_sent a jugador 6 |
| 28:33 | WheyProtein1 · tribute_sent a jugador 7 |
| 28:33 | WheyProtein1 · tribute_sent a jugador 8 |
| 28:52 | Goku_San · first_building Castle |
| 29:02 | RaBBiT F*cKeR · tribute_sent a jugador 1 |
| 29:02 | RaBBiT F*cKeR · tribute_sent a jugador 2 |
| 29:02 | RaBBiT F*cKeR · tribute_sent a jugador 3 |
| 29:02 | RaBBiT F*cKeR · tribute_sent a jugador 5 |
| 29:02 | RaBBiT F*cKeR · tribute_sent a jugador 6 |
| 29:02 | RaBBiT F*cKeR · tribute_sent a jugador 7 |
| 29:02 | RaBBiT F*cKeR · tribute_sent a jugador 8 |
| 29:07 | RaBBiT F*cKeR · first_building Monastery |
| 29:51 | WheyProtein1 · first_building Castle |
| 29:57 | LSG · first_building Castle |
| 30:06 | LSG · wall_segment Stone Wall x9 |
| 30:18 | RaBBiT F*cKeR · first_building Castle |
| 30:27 | WheyProtein1 · first_market_sell 100 food |
| 30:48 | LSG · first_building Siege Workshop |
| 30:50 | Goku_San · resign |
| 31:29 | Blackmore_Night · age_up imperial |
| 31:36 | RaBBiT F*cKeR · first_building Siege Workshop |
| 31:40 | LSG · first_market_sell 100 food |
| 31:49 | RaBBiT F*cKeR · first_building Barracks |
| 32:41 | RaBBiT F*cKeR · first_building Stable |
| 33:02 | RaBBiT F*cKeR · age_up imperial |
| 33:28 | LSG · first_building Barracks |
| 33:30 | RaBBiT F*cKeR · wall_segment Stone Wall x10 |
| 35:16 | LSG · age_up imperial |
| 35:42 | LSG · first_building Archery Range |
[ AI ANALYSIS · 1 CREDIT ]
What really happened in this match?
Wolo.gg analyzes every decision: build order, eco, micro, common mistakes by bracket. Personalized analysis on WhatsApp or Discord in 30 seconds.
Civ guide
Mongols
Perfil
SaynhurChouk